 Dungeon Sprint DCSS version 0.17-a0-1562-g9b2c768 (webtiles) character file.

431 OdinFK the Grappler (level 6, 0/71 HPs)
             Began as a Troll Berserker on July 21, 2015.
             Was a Priest of Trog.
             Slain by a slime creature (8 damage)
             ... in the Dungeon (Sprint I: "Red Sonja").
             The game lasted 00:01:09 (141 turns).

OdinFK the Grappler (Troll Berserker)                Turns: 141, Time: 00:01:09

Health: 0/71       AC:  5    Str: 28    XL:     6   Next: 67%
Magic:  5/5        EV: 12    Int:  3    God:    Trog [***...]
Gold:   269        SH:  0    Dex:  9    Spells: 0 memorised, 5 levels left

rFire  . . .     SeeInvis .       - Unarmed
rCold  . . .     Clarity  .     a - +0 animal skin
rNeg   . . .     SustAt   .     (no shield)
rPois  .         Gourm    +     (helmet restricted)
rElec  .         Spirit   .     (no cloak)
rCorr  .         Warding  .     (gloves unavailable)
rMut   .         NoTele   +     (boots unavailable)
MR     .....                    (no amulet)
Stlth  +.........               (no ring)
                                (no ring)

@: not resistant to hostile enchantments, very unstealthy
A: unfitting armour, claws 3, fast metabolism 3, gourmand, regeneration 2,
shaggy fur 1, tough skin 2
a: Burn Spellbooks, Berserk, Trog's Hand, Renounce Religion


You were in the Dungeon.
You worshipped Trog.
Trog was most pleased with you.
You were not hungry.

You visited 1 branch You collected 297 gold pieces.
You spent 28 gold pieces at shops.

Inventory:

Armour
 a - a +0 animal skin (worn)
Scrolls
 h - a scroll of blinking
 i - 3 scrolls of identify
Potions
 c - a potion of curing
 d - 2 potions of heal wounds
 e - a potion of haste
 f - 2 potions of magic
 g - a potion of berserk rage
Comestibles
 b - 2 bread rations


   Skills:
 + Level 7.4 Fighting
 + Level 7.5 Dodging
 + Level 8.8 Unarmed Combat


You had 5 spell levels left.
You didn't know any spells.

Dungeon Overview and Level Annotations

Branches:
Dungeon (1/1)

Altars:
Cheibriados
Dithmenos
Elyvilon
Fedhas
Gozag
Kikubaaqudgha
Makhleb
Nemelex Xobeh
Okawaru
Qazlal
Ru
Sif Muna
Trog
Vehumet
Xom
Yredelemnul
Zin
The Shining One
Jiyva

Shops:
D *


Innate Abilities, Weirdness & Mutations

You are too large for most types of armour.
You have claws for hands.
Your metabolism is lightning-fast.
You like to eat raw meat.
You heal very quickly.
You are covered in fur (AC +1).
You have very tough skin (AC +2).


Message History

The slime creature hits you!
You claw the slime creature!
The slime creature is heavily wounded.
The slime creature hits you!
You scratch the slime creature.
The slime creature is heavily wounded.
The slime creature hits you!!
* * * LOW HITPOINT WARNING * * *
You scratch the slime creature.
The slime creature is heavily wounded.
You feel less exhausted.
You claw the slime creature!
The slime creature is severely wounded.
The slime creature hits you!
* * * LOW HITPOINT WARNING * * *
You scratch the slime creature but do no damage.
You claw the slime creature!
The slime creature is almost dead.
The slime creature hits you!
You die...

###################
#<.#..').#.)'..#__#
#..'[.#..'..#..@J.+
#..#####'#####'#__#
#..####..#...#.####
#..#__####..##.#
#..#_..__##'#..+
#⌠⌠#_.∩...'..._#
####_..._##_.#'#
#_____###+#.#
####### ###


You could see a slime creature.

Vanquished Creatures
  Sigmund (D)
  A yak (D)
  An ogre (D)
  A jelly (D)
  Ijyb (D)
5 creatures vanquished.

Vanquished Creatures (others)
  A gargoyle (D)
1 creature vanquished.

Grand Total: 6 creatures vanquished

Notes
Turn   | Place    | Note
--------------------------------------------------------------
     0 | D        | OdinFK the Troll Berserker began the quest for the Orb.
     0 | D        | Reached XP level 1. HP: 22/22 MP: 0/0
     1 | D        | Noticed Ijyb
    18 | D        | Killed Ijyb
    18 | D        | Reached skill level 4 in Unarmed Combat
    18 | D        | Reached XP level 2. HP: 21/32 MP: 1/1
    21 | D        | Noticed an ogre
    27 | D        | Killed an ogre
    27 | D        | Reached skill level 5 in Fighting
    27 | D        | Reached skill level 5 in Dodging
    27 | D        | Reached skill level 6 in Unarmed Combat
    27 | D        | Reached XP level 3. HP: 42/42 MP: 2/2
    27 | D        | Reached XP level 4. HP: 50/50 MP: 3/3
    57 | D        | Noticed Sigmund
    64 | D        | Killed Sigmund
    64 | D        | Acquired Trog's second power
    64 | D        | Reached skill level 7 in Unarmed Combat
    64 | D        | Reached XP level 5. HP: 46/61 MP: 4/4
    76 | D        | Found a deep blue altar of Sif Muna.
    77 | D        | Noticed a jelly
    78 | D        | Found a radiant altar of Vehumet.
    83 | D        | Killed a jelly
    83 | D        | Reached XP level 6. HP: 61/68 MP: 5/5
   106 | D        | Found Fafihad's General Store.
   106 | D        | Found a white marble altar of Elyvilon.
   106 | D        | Found a stormy altar of Qazlal.
   106 | D        | Found a burning altar of Makhleb.
   106 | D        | Found a sacrificial altar of Ru.
   106 | D        | Found a basalt altar of Yredelemnul.
   106 | D        | Found a glowing golden altar of the Shining One.
   106 | D        | Found a sparkling altar of Nemelex Xobeh.
   106 | D        | Found a shimmering altar of Xom.
   106 | D        | Found an opulent altar of Gozag.
   106 | D        | Found an ancient bone altar of Kikubaaqudgha.
   106 | D        | Found a glowing silver altar of Zin.
   106 | D        | Noticed a yak
   106 | D        | Killed a gargoyle
   110 | D        | Killed a yak
   110 | D        | Reached skill level 8 in Unarmed Combat
   111 | D        | Found an iron altar of Okawaru.
   112 | D        | Found a bloodstained altar of Trog.
   116 | D        | Bought a scroll of identify for 28 gold pieces
   133 | D        | Found a viscous altar of Jiyva.
   133 | D        | Found a blossoming altar of Fedhas.
   133 | D        | Noticed a slime creature
   134 | D        | Found a snail-covered altar of Cheibriados.
   134 | D        | Found a shadowy altar of Dithmenos.
   141 | D        | Slain by a slime creature

Vault maps used:
D:        dungeon_sprint_1

Action                   |  1- 3 |  4- 6 || total
-------------------------+-------+-------++-------
Melee: Unarmed           |    20 |    18 ||    38
Invok: Berserk           |     1 |     1 ||     2
  Eat: Chunk             |       |     2 ||     2
